 Dungeon Crawl Stone Soup version 0.29.1-1-gd02db6906a (webtiles) character file.

Game seed: 10111528772370573752

3931 raistware the Nimble (level 10, -1/56 HPs)
             Began as an Octopode Conjurer on Oct 14, 2022.
             Was a Believer of Vehumet.
             Shot with a sling bullet by Joseph (26 damage)
             ... on level 7 of the Dungeon.
             The game lasted 00:21:26 (9685 turns).

raistware the Nimble (Octopode Conjurer)            Turns: 9685, Time: 00:21:27

Health: -1/56      AC:  1    Str: 13    XL:     10   Next: 21%
Magic:  17/17      EV: 17    Int: 31    God:    Vehumet [**....]
Gold:   225        SH:  0    Dex: 10    Spells: 8/19 levels left

rFire   . . .      SeeInvis .   l - +4 dagger
rCold   . . .      Faith    .   (no shield)
rNeg    . . .      Spirit   .   C - +0 hat
rPois   .          Reflect  .   (no amulet)
rElec   .          Harm     .   d - ring of wizardry
rCorr   +          Rampage  .   h - +6 ring of intelligence
Will    .....                   z - +6 ring of strength
Stlth   +++.......              y - ring of resist corrosion
HPRegen 0.18/turn               (no ring)
MPRegen 0.15/turn               (no ring)
                                (no ring)
                                (no ring)

@: no status effects
A: almost no armour, amphibious, 8 rings, camouflage 1, gelatinous body 1,
(nimble swimmer 1), tentacles
a: Renounce Religion


You were on level 7 of the Dungeon.
You worshipped Vehumet.
Vehumet was pleased with you.
You visited 1 branch of the dungeon, and saw 7 of its levels.

You collected 317 gold pieces.
You spent 92 gold pieces at shops.

Inventory:

Hand Weapons
 l - a +4 dagger (weapon)
Missiles
 g - 9 throwing nets
 u - a curare-tipped dart
 B - 15 boomerangs
Armour
 C - a +0 hat (worn)
Jewellery
 d - a ring of wizardry (left tentacle)
 f - a ring of fire
 h - a +6 ring of intelligence (right tentacle)
 y - a ring of resist corrosion (on tentacle)
 z - a +6 ring of strength (on tentacle)
Wands
 D - a wand of quicksilver (8)
Scrolls
 b - 2 scrolls of enchant armour
 e - a scroll of immolation {unknown}
 i - 3 scrolls of butterflies
 k - a scroll of vulnerability {unknown}
 n - a scroll of summoning {unknown}
 s - 2 scrolls of poison {unknown}
 v - 3 scrolls of teleportation {unknown}
 w - 2 scrolls of silence {unknown}
 A - a scroll of brand weapon
Potions
 a - a potion of magic
 c - a potion of ambrosia
 j - 3 potions of degeneration {unknown}
 m - 2 potions of brilliance {unknown}
 o - 3 potions of might
 p - 2 potions of attraction {unknown}
 q - 3 potions of lignification {unknown}
 r - a potion of heal wounds {unknown}
 t - a potion of berserk rage
 x - a potion of mutation


   Skills:
 - Level 12.4 Dodging
 - Level 4.0 Stealth
 - Level 5.0 Spellcasting
 + Level 10.2 Conjurations
 - Level 2.0 Translocations


You had 8 spell levels left.
You knew the following spells:

 Your Spells              Type           Power      Damage    Failure   Level
a - Magic Dart            Conj           100%       1d8       1%          1
b - Iskenderun's Mystic   Conj/Tloc      45%        2d10      1%          4
c - Searing Ray           Conj           100%       2d8       1%          2
d - Confusing Touch       Hex            7%         N/A       6%          3
z - Apportation           Tloc           40%        N/A       1%          1

Your spell library contained the following spells:

 Spells                   Type           Power      Damage    Failure   Level
 Freeze                   Ice            28%        1d5       2%          1
 Dazzling Flash           Conj/Hex       78%        N/A       1%          3
 Necrotise                Necr           28%        1d5       2%          1
 Slow                     Hex            28%        N/A       2%          1
 Summon Small Mammal      Summ           28%        N/A       2%          1
 Fulminant Prism          Conj/Hex       19%        3d11      2%          4
 Vampiric Draining        Necr           7%         2d6       6%          3
 Starburst                Conj/Fire      19%        6d7       38%         6
 Agony                    Necr           7%         N/A       50%         5
 Alistair's Intoxication  Tmut/Pois      4%         N/A       50%         5
 Silence                  Hex/Air        3%         N/A       50%         5


Dungeon Overview and Level Annotations

Branches:
Dungeon (7/15)             Temple (0/1) D:6

Altars:
Nemelex Xobeh
Vehumet

Shops:
D:3 *:??

Annotations:
D:7 Joseph


Innate Abilities, Weirdness & Mutations

You cannot wear most types of armour.
You are amphibious.
You can wear up to eight rings at the same time.
Your skin changes colour to match your surroundings (Stealth+).
Your rubbery body absorbs attacks. (AC +1, EV +1)
((You are camouflaged when in or above water. (Stealth+)))
You have tentacles for arms and can constrict up to eight enemies at once.


Message History

The mystic blast hits the hound.
The hound is moderately wounded.
The mystic blast hits the hound!
The hound is heavily wounded.
The hound is knocked back by the mystic blast.
You hear a shout!
The hound bites you.
Unknown command.
Unknown command.
Casting: Iskenderun's Mystic Blast (dangerous; 1% risk of failure)
Confirm with . or Enter, or press ? or * to list all spells.
You erupt in a blast of force!
The mystic blast hits the hound!
You kill the hound!
Vehumet accepts your kill.
The mystic blast hits the hound!
You kill the hound!
Vehumet accepts your kill.
You feel your power returning.
Unknown command.
Unknown command.
You close the gate.
You start resting.
HP restored.
You start resting.
Magic restored.
You open the gate.
There is an open gate, spattered with blood here.
Really wriggle into a travel-excluded area?
Press: ? - help, v - describe, . - travel The floor.
Reduced exclusion size to a single square.
Press: ? - help, v - describe, . - travel The floor.
Removed exclusion.
Joseph shouts!
Joseph unwields a +0 quarterstaff.
Joseph wields a +4 sling of flaming.
It bursts into flame!
Joseph shoots a sling bullet.
The sling bullet hits you!! The sling bullet burns you!
Joseph shoots a sling bullet.
The sling bullet hits you!!
You die...

.'..##.≈..#...# #.......#...#
.'..##.≈..#.### #.......###.#
.####..≈....#### ##.......#...##
..##...≈..)..#.###.............##
......≈≈........##........##....#
#....≈≈≈............###..###.....
#....≈...#.........## ##..#..#.##
.....≈..##.......### #..###.....
....≈≈.#.#......@## ####.#.......
...≈≈..#..........# #............
≈≈≈≈....#.........###..#)#.......
......#..##............###.......
..###.#..##.........###..........
#..###....###.......##......#'''#
##.........###..>........#.##.).#
......##........#.@.....##.##†..#
......#####..........#.....##...#


You could see Joseph.

Vanquished Creatures
  Grinder (D:3)
  Sigmund (D:5)
  An orc warrior (D:7)
  2 sky beasts
  A black bear (D:5)
  A phantom (D:6)
  A kobold brigand (D:6)
  3 gnoll sergeants (D:7)
  2 scorpions
  2 electric eels (D:7)
  12 hounds
  6 jellies
  5 orc priests
  Crazy Yiuf (D:2)
  A gnoll bouda (D:7)
  2 iguanas
  6 orc wizards
  7 adders
  20 gnolls (D:7)
  A worm (D:4)
  A dart slug (D:2)
  28 orcs
  8 endoplasms
  2 giant cockroaches
  8 goblins
  4 hobgoblins
  9 jackals
  3 quokkas
  5 ball pythons
  2 bats (D:2)
  2 frilled lizards
  9 kobolds
  2 rats
  A bush (D:4)
160 creatures vanquished.

Vanquished Creatures (others)
  5 fungi (D:2)
  21 plants
26 creatures vanquished.

Grand Total: 186 creatures vanquished

Notes
Turn   | Place    | Note
-------+----------+-------------------------------------------
     0 | D:1      | raistware the Octopode Conjurer began the quest for the
                  | Orb.
     0 | D:1      | Reached XP level 1. HP: 11/11 MP: 3/3
   208 | D:1      | Reached XP level 2. HP: 17/17 MP: 2/5
   765 | D:2      | Reached XP level 3. HP: 21/21 MP: 2/7
  1054 | D:2      | Found a runed translucent door.
  1058 | D:2      | Learned a level 2 spell: Searing Ray
  1058 | D:2      | Noticed Crazy Yiuf
  1065 | D:2      | Killed Crazy Yiuf
  1066 | D:2      | Reached XP level 4. HP: 27/27 MP: 2/8
  1251 | D:2      | Reached skill level 5 in Conjurations
  1280 | D:2      | Learned a level 4 spell: Iskenderun's Mystic Blast
  1401 | D:2      | Found a faded altar of an unknown god.
  1844 | D:3      | Found a sparkling altar of Nemelex Xobeh.
  1883 | D:3      | Noticed Grinder
  2023 | D:3      | Found Hiehusuf's Book Shoppe.
  2083 | D:3      | Reached skill level 1 in Translocations
  2383 | D:3      | Found Orohis's Assorted Antiques.
  2390 | D:3      | Bought a fizzy sapphire potion for 26 gold pieces
  2390 | D:3      | Bought a sedimented golden potion for 26 gold pieces
  2390 | D:3      | Bought a scroll labelled VUK BUAH DYE for 29 gold pieces
  2410 | D:3      | Reached XP level 5. HP: 31/31 MP: 6/9
  2518 | D:3      | Found Leles's Magic Scroll Boutique.
  2588 | D:3      | Found Othynufy's Magic Scroll Shoppe.
  2653 | D:3      | Paralysed by Grinder for 3 turns
  2659 | D:3      | Killed Grinder
  2660 | D:3      | Reached XP level 6. HP: 30/36 MP: 0/10
  2993 | D:3      | Bought a scroll of noise for 11 gold pieces
  3677 | D:4      | Reached XP level 7. HP: 41/41 MP: 7/11
  4627 | D:5      | Entered Level 5 of the Dungeon
  4769 | D:5      | Noticed Sigmund
  4875 | D:5      | Killed Sigmund
  4876 | D:5      | Reached skill level 3 in Dodging
  5156 | D:5      | Reached skill level 4 in Dodging
  5339 | D:5      | Reached XP level 8. HP: 24/46 MP: 1/13
  5708 | D:5      | Learned a level 1 spell: Apportation
  6673 | D:6      | Found a radiant altar of Vehumet.
  6686 | D:6      | Became a worshipper of Vehumet
  6975 | D:6      | Reached skill level 12 in Dodging
  6975 | D:6      | Reached XP level 9. HP: 14/51 MP: 1/15
  7219 | D:6      | Found a staircase to the Ecumenical Temple.
  7813 | D:7      | Noticed Joseph
  8151 | D:7      | Reached * piety under Vehumet
  8151 | D:7      | Offered knowledge of Shock by Vehumet.
  8152 | D:7      | Reached XP level 10. HP: 48/56 MP: 6/16
  8234 | D:7      | Learned a level 3 spell: Confusing Touch
  8815 | D:7      | Reached skill level 10 in Conjurations
  9286 | D:7      | Reached skill level 5 in Spellcasting
  9569 | D:7      | Offered knowledge of Freeze by Vehumet.
  9626 | D:7      | Reached ** piety under Vehumet
  9685 | D:7      | Shot with a sling bullet by Joseph

Illustrated notes

Levels and vault maps discovered:
D:1:      matt_arrival_grand_opening, layout_rooms,
          chequers_serial_rivers_micro_d, minmay_pentomino_s2
D:2:      layout_basic, shapermc_ecumenical_altar_acropolis,
          uniq_crazy_yiuf_cottage
D:3:      layout_loops_ring, nemelex_diamond_rough_becter, serial_bayou,
          serial_bayou_pond_b, serial_bayou_lagoon_a, serial_bayou_lake_a,
          serial_bayou_ford_a, serial_shops, shop_statue, shop,
          nicolae_shop_crystal, nicolae_shop_hallway_plus, grunt_decor_cap,
          uniq_grinder
D:4:      layout_loops_ring, serial_forest, infiniplex_forest_split,
          infiniplex_forest_clump_small, infiniplex_forest_lined_room_3,
          infiniplex_forest_diagonal, infiniplex_forest_lined_corner,
          infiniplex_forest_clump_curved, infiniplex_forest_clump_medium,
          infiniplex_forest_3_way, infiniplex_forest_lined_3_way
D:5:      layout_gridville, uniq_sigmund
D:6:      layout_loops_corners, nicolae_vehumet_radiance,
          minmay_temple_entry_proselytizer, amethyst_killhole,
          uniq_prince_ribbit1
D:7:      layout_cave_pools, serial_gnoll_camp, gnoll_camp_mini_house,
          gnoll_camp_medium_02, gnoll_camp_huts_moat, gnoll_camp_mini_doghouse,
          uniq_joseph

Skill      XL: |  1  2  3  4  5  6  7  8  9 10 |
---------------+-------------------------------+-----
Spellcasting   | 3 4 5 |  5.0
Conjurations   | 5 6 7 8 9 10 | 10.2
Translocations | 1 2 |  2.0
Stealth        | 3 4 |  4.0
Dodging        | 4 12 | 12.4

Action                   |  1- 3 |  4- 6 |  7- 9 | 10-12 || total
-------------------------+-------+-------+-------+-------++-------
Melee: Dagger            |     6 |    27 |   200 |    49 ||   282
       Constrict         |     5 |     7 |    16 |    15 ||    43
       Tentacles         |     2 |     4 |    71 |    12 ||    89
       Punch             |       |       |     2 |     1 ||     3
 Cast: Magic Dart        |    34 |    55 |   155 |    54 ||   298
       Searing Ray       |     1 |     5 |     6 |     1 ||    13
       Iskenderun's Myst |       |     2 |    10 |     7 ||    19
       Confusing Touch   |       |       |       |     6 ||     6
  Use: Scroll            |       |       |     8 |     1 ||     9
       Potion            |       |       |     6 |       ||     6
 Stab: Sleeping          |       |     3 |     4 |     1 ||     8
Armor: Skin              |       |     1 |     4 |       ||     5
Dodge: Dodged            |       |    18 |    68 |    51 ||   137
